 Dungeon Crawl Stone Soup version 0.29.1-12-g30fa7ad0bf (webtiles) character file.

Game seed: 1250906918919102259

1357 Flaz the Cleaver (level 8, -5/63 HPs)
             Began as a Ghoul Monk on Jan 18, 2023.
             Killed by divine providence
             ... invoked by an orc priest
              (16 damage)
             ... on level 6 of the Dungeon.
             The game lasted 00:11:53 (5565 turns).

Flaz the Cleaver (Ghoul Monk)                       Turns: 5565, Time: 00:11:54

Health: -5/63      AC: 16    Str: 19    XL:     8   Next: 64%
Magic:  7/7        EV:  8    Int:  5    God:
Gold:   297        SH:  0    Dex: 18    Spells: 7/7 levels left

rFire   + . .      SeeInvis .   v - +1 hand axe (venom)
rCold   + . .      Faith    .   (no shield)
rNeg    + + +      Spirit   .   c - +6 chain mail "Goitaaq" {Harm Str+2 Dex+7 Stlth-}
rPois   ∞          Reflect  .   (no helmet)
rElec   .          Harm     +   (no cloak)
rCorr   .          Rampage  .   (no gloves)
Will    .....                   w - +1 pair of boots
Stlth   ..........              (no amulet)
HPRegen 0.00/turn               A - ring of protection from fire
MPRegen 0.10/turn               (no ring)

@: inhibited regen, studying Maces & Flails
A: claws 1, cold resistance 1, negative energy resistance 3, inhibited
regeneration, torment resistance 2, devour on kill
a: no special abilities


You were on level 6 of the Dungeon.
You visited 1 branch of the dungeon, and saw 6 of its levels.

You collected 297 gold pieces.

Inventory:

Hand Weapons
 b - a +1 halberd of venom
 h - a +2 whip of venom
 v - a +1 hand axe of venom (weapon)
 y - a +2 trident of flaming
Missiles
 g - 8 poisoned darts
 u - 2 javelins
 z - 2 atropa-tipped darts (quivered)
 E - 2 boomerangs
Armour
 c - the +6 chain mail "Goitaaq" (worn) {Harm Str+2 Dex+7 Stlth-}
   (You took it off an orc on level 3 of the Dungeon)

   Str:       It affects your strength (+2).
   Dex:       It affects your dexterity (+7).
   Harm:      It increases damage dealt and taken.
   Stlth:     It makes you less stealthy.
 w - a +1 pair of boots (worn)
Jewellery
 n - a +6 ring of intelligence
 A - a ring of protection from fire (left claw)
Scrolls
 d - a scroll of enchant armour {unknown}
 e - a scroll of immolation {unknown}
 f - 2 scrolls of identify {unknown}
 k - a scroll of vulnerability {unknown}
 q - 2 scrolls of magic mapping {unknown}
 r - a scroll of noise {unknown}
 s - a scroll of enchant weapon {unknown}
 x - a scroll of amnesia {unknown}
 B - a scroll of teleportation {unknown}
 D - a scroll of fog {unknown}
 F - a scroll of blinking {unknown}
Potions
 a - 2 potions of brilliance {unknown}
 i - 2 potions of degeneration {unknown}
 j - 2 potions of lignification {unknown}
 l - a potion of might {unknown}
 m - a potion of heal wounds {unknown}
 o - a potion of haste {unknown}
 p - a potion of berserk rage {unknown}
 t - 2 potions of mutation {unknown}
 C - 2 potions of attraction {unknown}


   Skills:
 - Level 3.2 Fighting
 + Level 9.4 Axes
 + Level 2.5 Throwing
 - Level 2.6 Dodging
 - Level 2.1 Stealth


You had 7 spell levels left.
You didn't know any spells.
Your spell library was empty.

Dungeon Overview and Level Annotations

Branches:
Dungeon (6/15)
 Temple: D:4-7

Altars:
Ashenzari
Dithmenos
Fedhas


Innate Abilities, Weirdness & Mutations

You are immune to poison.
You have sharp fingernails.
Your flesh is cold resistant. (rC+)
You are immune to negative energy. (rN+++)
You do not regenerate when monsters are visible.
You are immune to unholy pain and torment.
You thrive by killing the living.


Message History

The orc priest shouts!
The orc wizard gestures wildly while chanting.
The orc wizard flickers and vanishes!
Deactivating autopickup; reactivate with Ctrl-A.
Something hits you but does no damage.
The orc priest invokes the aid of Beogh against you.
Beogh smites you!
You barely miss the orc priest. You hit something. You hit the orc.
The orc is poisoned.
Something hits you but does no damage. The orc priest hits you with a +0 whip.
Unknown command.
You closely miss the orc priest. You completely miss the orc.
You closely miss something.
Unknown command.
You slash the orc priest!
The orc priest is severely wounded.
You hit the orc.
You kill the orc!
You hit something. Something hits you but does no damage.
The orc priest mumbles some strange prayers to Beogh against you.
Beogh smites you!
* * * LOW HITPOINT WARNING * * *
You hit the orc priest.
You kill the orc priest!
You feel better.
You hit something. You hit the orc.
The orc is poisoned.
You kill the orc!
You feel better.
You hear some strange, mumbled words.
Something tries to affect you, but you resist.
You barely miss the orc priest. You hit something.
You feel better.
Reactivating autopickup.
You feel a bit more experienced.
The orc priest calls down the wrath of Beogh upon you.
Beogh smites you!
* * * LOW HITPOINT WARNING * * *
Unknown command.
You barely miss the orc priest.
The orc priest mumbles some strange prayers to Beogh against you.
Beogh smites you!
You die...

..# #.##.# # #.#
##.##.### ##.#
##...#.... # $.#
#.....#### #. #.#
#.....# #.# #)# #.....#
#..##.# ##....##
####..)oo########....###
+......@).....>.........
#........########)...###
#.###.#.># #......##
###..# #.....## ...#
#.....# .#.## #.....#
#.#.# #.....# # #.#
###.### #####.#####


You could see an orc priest and an orc.

Vanquished Creatures
  Sigmund (D:5)
  2 water moccasins (D:5)
  An ice beast (D:5)
  A centaur (D:5)
  The ghost of IHuginn the Martial Artist, an amateur GnWn (D:3)
  A bullfrog (D:6)
  A necrophage (D:4)
  A scorpion (D:4)
  3 orc priests
  3 hounds
  2 jellies (D:5)
  Jessica (D:2)
  2 iguanas
  2 orc wizards (D:6)
  6 adders
  A shadow imp (D:6)
  2 ufetubi
  A worm (D:3)
  5 dart slugs
  27 orcs
  9 ball pythons
  6 bats
  5 endoplasms
  3 giant cockroaches
  7 goblins
  5 hobgoblins
  8 kobolds
  3 quokkas
  6 frilled lizards
  4 rats
120 creatures vanquished.

Notes
Turn   | Place    | Note
-------+----------+-------------------------------------------
     0 | D:1      | Flaz the Ghoul Monk began the quest for the Orb.
     0 | D:1      | Reached XP level 1. HP: 19/19 MP: 0/0
    75 | D:1      | Reached skill level 3 in Axes
   142 | D:1      | Reached XP level 2. HP: 26/26 MP: 1/1
   451 | D:1      | Found a faded altar of an unknown god.
   462 | D:1      | Reached XP level 3. HP: 23/31 MP: 2/2
   935 | D:2      | Reached skill level 4 in Axes
  1217 | D:2      | Reached XP level 4. HP: 36/38 MP: 3/3
  1447 | D:2      | Noticed Jessica
  1456 | D:2      | Killed Jessica
  1836 | D:3      | Found a blossoming altar of Fedhas.
  1936 | D:3      | Reached skill level 5 in Axes
  2030 | D:3      | Reached XP level 5. HP: 45/45 MP: 4/4
  2069 | D:3      | Found a runed translucent gate.
  2069 | D:3      | Found a runed translucent gate.
  2069 | D:3      | Found a runed translucent gate.
  2071 | D:3      | Identified the +6 chain mail "Goitaaq" {Harm Str+2 Dex+7
                  | Stlth-}
  2073 | D:3      | Noticed IHuginn's ghost (amateur GnWn)
  2554 | D:3      | Killed IHuginn's ghost
  2555 | D:3      | Reached skill level 6 in Axes
  2555 | D:3      | Reached XP level 6. HP: 13/51 MP: 5/5
  3432 | D:4      | Reached skill level 7 in Axes
  3432 | D:4      | Reached XP level 7. HP: 57/57 MP: 6/6
  3683 | D:5      | Entered Level 5 of the Dungeon
  3749 | D:5      | Reached skill level 1 in Throwing
  4196 | D:5      | Found a broken altar of Ashenzari.
  4214 | D:5      | Reached skill level 8 in Axes
  4299 | D:5      | Found a shadowy altar of Dithmenos.
  4319 | D:5      | Reached XP level 8. HP: 63/63 MP: 7/7
  4332 | D:5      | Noticed Sigmund
  4343 | D:5      | Killed Sigmund
  4532 | D:5      | Reached skill level 9 in Axes
  5565 | D:6      | Killed from afar by an orc priest

Illustrated notes

Levels and vault maps discovered:
D:1:      ncdulo_watergridlock, layout_rooms, dreamdust_ecumenical_altar_statues
D:2:      layout_basic, uniq_jessica
D:3:      layout_basic, jmf_multi_god_temple, serial_curves, eino_curves_02,
          eino_curves_03, biasface_ghost_orc_armoury
D:4:      layout_basic, glass_columns_a, minmay_quadrilaterals
D:5:      layout_layer_cave, tso_oasis_becter, overflow_temple_1_default,
          ashenzari_altar_1, uniq_sigmund
D:6:      layout_loops_corners, chequers_serial_rivers_room_a

Skill      XL: |  1  2  3  4  5  6  7  8 |
---------------+-------------------------+-----
Axes           | 3 4 5 6 7 8 9 |  9.4
Throwing       | 1 2 |  2.5
Fighting       | |  3.2
Dodging        | |  2.6
Stealth        | |  2.1

Action                   |  1- 3 |  4- 6 |  7- 9 || total
-------------------------+-------+-------+-------++-------
Melee: Hand axe          |    36 |       |   114 ||   150
       Whip              |    48 |   184 |       ||   232
       Punch             |       |     4 |     1 ||     5
Throw: Dart              |       |     4 |     7 ||    11
       Javelin           |       |       |     4 ||     4
  Use: Potion            |       |     1 |       ||     1
 Stab: Sleeping          |     2 |       |       ||     2
Armor: Robe              |     8 |       |       ||     8
       Ring mail         |    19 |       |       ||    19
       Chain mail        |       |    97 |    66 ||   163
Dodge: Dodged            |    47 |    72 |    35 ||   154
